 Dungeon Sprint DCSS version 0.27.0-1-g7a089689b8 (webtiles) character file.

Game seed: 12086315578132814269

7903 Groucho the Imperceptible (level 11, 52/58 HPs)
             Began as a Felid Berserker on Aug 1, 2021.
             Was the Champion of Trog.
             Got out of the dungeon alive.
             The game lasted 00:08:38 (3880 turns).

Groucho the Imperceptible (Felid Berserker)         Turns: 3880, Time: 00:08:38

Health: 52/58      AC:  2    Str: 16    XL:     11   Next: 2%
Magic:  12/12      EV: 34    Int:  9    God:    Trog [******]
Gold:   1450       SH:  0    Dex: 23    Spells: 10/10 levels left
                                        Lives:  1   Deaths: 2

rFire    . . .     SeeInvis +     - Unarmed
rCold    . . .     Faith    .   (shield unavailable)
rNeg     . . .     Spirit   .   (armour unavailable)
rPois    +         Reflect  .   (helmet unavailable)
rElec    .         Harm     .   (cloak unavailable)
rCorr    .         Rampage  .   (gloves unavailable)
Will     +....     NoTele   +   (boots unavailable)
Stlth    +++++++++.             (no amulet)
HPRegen  0.19/turn              a - ring of poison resistance
MPRegen  0.13/turn              k - ring "Pufroa" {rPois Str+3 Dex+6}

@: quick
A: very small, claws 1, fangs 3, see invisible, speed 1, shaggy fur 2, stealthy
paws, no weapons or thrown items, no armour, multi-lived, clumsy 1, screaming 1,
inhibited regeneration
a: Renounce Religion, Berserk, Trog's Hand, Brothers in Arms


You escaped.
You worshipped Trog.
Trog was exalted by your worship.
You visited 1 branch You collected 1604 gold pieces.
You spent 154 gold pieces at shops.

Inventory:

Jewellery
 a - a ring of poison resistance (left paw)
 k - the ring "Pufroa" (right paw) {rPois Str+3 Dex+6}
   (You found it in the Dungeon)

   [ring of dexterity]

   Str:       It affects your strength (+3).
   Dex:       It affects your dexterity (+6).
   rPois:     It protects you from poison.
Scrolls
 i - 2 scrolls of identify {unknown}
 j - a scroll of magic mapping {unknown}
 l - a scroll of torment {unknown}
Potions
 b - a potion of heal wounds
 c - a potion of haste
 d - 2 potions of magic
 e - a potion of berserk rage
 f - a potion of flight
 g - 2 potions of might
 h - a potion of curing


   Skills:
 + Level 13.1 Fighting
 + Level 16.4 Dodging
 + Level 23.7 Stealth
 + Level 13.1 Unarmed Combat


You had 10 spell levels left.
You didn't know any spells.
Your spell library was empty.

Dungeon Overview and Level Annotations

Branches:
Dungeon (1/1)

Altars:
Cheibriados
Dithmenos
Elyvilon
Fedhas
Gozag
Hepliaklqana
Kikubaaqudgha
Makhleb
Nemelex Xobeh
Okawaru
Qazlal
Ru
Sif Muna
Trog
Uskayaw
Vehumet
Wu Jian
Xom
Yredelemnul
Zin
The Shining One
Jiyva
Lugonu

Shops:
D ![?*(?:[*((?[!!:!(([?

Annotations:
D Lernaean hydra


Innate Abilities, Weirdness & Mutations

You have sharp claws.
You have razor-sharp teeth.
You have supernaturally acute eyesight. (SInv)
You cover ground quickly. (Speed+)
You are covered in thick fur. (AC +2)
Your paws help you pounce on unaware monsters.
You are incapable of wielding weapons or throwing items.
You cannot wear armour.
You gain extra lives every three experience levels.
You are clumsy. (Dex -2)
You occasionally shout uncontrollably at your foes.
You do not regenerate when monsters are visible.


Message History

Search for what [Enter for "cur", or ? for help]? fire Unknown command.
Search for what [Enter for "fire", or ? for help]? fire You open the door.
Found a trident.
You are engulfed in a cloud of scalding steam.
There is an open door here.
You avoid triggering an arrow trap.
You are engulfed in a cloud of scalding steam.
There is an arrow trap here.
You avoid triggering an arrow trap.
You are engulfed in a cloud of scalding steam.
A gargoyle and the Lernaean hydra come into view.
There is an arrow trap here.
Which direction?
You close the door.
The 27-headed Lernaean hydra moves out of view.
You avoid triggering an arrow trap.
A deep elf annihilator comes into view. It is wielding a +0 rapier.
There is an arrow trap here.
There is an open door here.
There is an open door here.
There is an open door, spattered with blood here.
Items here: †††††††.
There is an open door here.
There is an open door here.
There is an open door here.
There is an open door here.
There is a viscous altar of Jiyva here.
There is an open door, spattered with blood here.
There is an open door here.
There is an open door here.
You see here a +0 giant spiked club.
There is an open door here.
There is an open door here.
Things that are here:
a +0 dagger; a +0 chain mail
There is a staircase leading out of the dungeon here.
Are you sure you want to leave the Dungeon?
This will make you lose the game!
You have escaped!

##################
#@.#..'..#..'..#__
#.)'..#.)'.)#..'..
#..#####'#####'#__
#..####..#...#[###
#..#__####..##(#≈§
#..#_____##'#_.'≈§
#⌠⌠#_.∩...'..._#§§
####_..__##_.#'##+
#_____###'#)#


There were no monsters in sight!

Vanquished Creatures
  A lorocyproca (D)
  A hydra (D)
  2 centaur warriors (D)
  Sonja (D)
  A deep troll (D)
  An oklob plant (D)
  A lindwurm (D)
  2 shining eyes (D)
  2 unseen horrors (D)
  A gargoyle (D)
  2 kobold demonologists (D)
  A hornet (D)
  A slime creature (D)
  Sigmund (D)
  2 redbacks (D)
  13 hogs (D)
  A yak (D)
  3 floating eyes (D)
  7 necrophages (D)
  An ogre (D)
  8 jellies (D)
  Ijyb (D)
54 creatures vanquished.

Vanquished Creatures (collateral kills)
  6 shining eyes (D)
  4 demonic crawlers (D)
  4 floating eyes (D)
14 creatures vanquished.

Vanquished Creatures (others)
  A deep elf master archer (D)
  2 merfolk sirens (D)
  4 hornets (D)
7 creatures vanquished.

Grand Total: 75 creatures vanquished

Notes
Turn   | Place    | Note
-------+----------+-------------------------------------------
     0 | D        | Groucho the Felid Berserker began the quest for the Orb.
     0 | D        | Reached XP level 1. HP: 10/10 MP: 2/2
     2 | D        | Noticed Ijyb
    10 | D        | Killed Ijyb
    11 | D        | Reached skill level 8 in Stealth
    11 | D        | Reached XP level 2. HP: 1/14 MP: 3/3
   520 | D        | Noticed an ogre
   522 | D        | Killed an ogre
   523 | D        | Reached skill level 12 in Stealth
   523 | D        | Reached XP level 3. HP: 17/17 MP: 4/4
   523 | D        | Reached XP level 4. HP: 21/21 MP: 5/5
   535 | D        | Noticed Sigmund
   548 | D        | Killed Sigmund
   548 | D        | Reached ** piety under Trog
   549 | D        | Reached skill level 16 in Stealth
   549 | D        | Reached XP level 5. HP: 24/24 MP: 6/6
   549 | D        | Gained mutation: You are covered in thick fur. (AC +2)
                  | [Felid growth]
   549 | D        | Reached XP level 6. HP: 28/28 MP: 7/7
   595 | D        | Found a shimmering blue altar of Sif Muna.
   596 | D        | Found an ornate altar of the Wu Jian Council.
   597 | D        | Found a radiant altar of Vehumet.
   851 | D        | Found Faubahiu's General Store.
   851 | D        | Found an ancient bone altar of Kikubaaqudgha.
   851 | D        | Found a hazy altar of Hepliaklqana.
   851 | D        | Found a stormy altar of Qazlal.
   851 | D        | Found a hide-covered altar of Uskayaw.
   851 | D        | Found a blossoming altar of Fedhas.
   851 | D        | Found a bloodstained altar of Trog.
   851 | D        | Found an iron altar of Okawaru.
   851 | D        | Found a basalt altar of Yredelemnul.
   851 | D        | Found a glowing golden altar of the Shining One.
   851 | D        | Found a snail-covered altar of Cheibriados.
   851 | D        | Found a sacrificial altar of Ru.
   851 | D        | Found a glowing silver altar of Zin.
   851 | D        | Found a shadowy altar of Dithmenos.
   851 | D        | Found a white marble altar of Elyvilon.
   851 | D        | Noticed a yak
   852 | D        | Found an opulent altar of Gozag.
   853 | D        | Killed a yak
   854 | D        | Reached skill level 18 in Stealth
   854 | D        | Found a sparkling altar of Nemelex Xobeh.
   895 | D        | Found a burning altar of Makhleb.
   895 | D        | Found a shimmering altar of Xom.
   895 | D        | Noticed a slime creature
   896 | D        | Found a viscous altar of Jiyva.
   896 | D        | Found a corrupted altar of Lugonu.
   905 | D        | Killed a slime creature
   905 | D        | Reached *** piety under Trog
   906 | D        | Reached skill level 5 in Dodging
   906 | D        | Reached XP level 7. HP: 23/32 MP: 8/8
  1088 | D        | Killed a hornet
  1230 | D        | Noticed a centaur warrior
  1230 | D        | Noticed a centaur warrior
  1231 | D        | Mangled by a centaur warrior
  1232 | D        | Reached XP level 6. HP: -7/28 MP: 7/7
  1232 | D        | Found Lir Cume's Armour Emporium.
  1238 | D        | Noticed a deep troll
  1242 | D        | Killed a deep troll
  1243 | D        | Reached skill level 19 in Stealth
  1243 | D        | Reached XP level 7. HP: 34/34 MP: 8/8
  1252 | D        | Noticed Sonja
  1255 | D        | Killed Sonja
  1256 | D        | Reached skill level 20 in Stealth
  1256 | D        | Reached XP level 8. HP: 40/40 MP: 9/9
  1269 | D        | Found Ruatiaj's Distillery.
  1277 | D        | Bought a potion of flight for 33 gold pieces
  1277 | D        | Bought 2 potions of might for 88 gold pieces
  1277 | D        | Bought a potion of curing for 33 gold pieces
  1302 | D        | Killed a centaur warrior
  1303 | D        | Reached skill level 10 in Dodging
  1303 | D        | Reached XP level 9. HP: 45/45 MP: 10/10
  1314 | D        | Killed a centaur warrior
  1314 | D        | Reached **** piety under Trog
  1315 | D        | Reached skill level 21 in Stealth
  1396 | D        | Noticed an oklob plant
  1398 | D        | Killed an oklob plant
  1414 | D        | Paralysed by a floating eye for 2 turns
  1419 | D        | Reached ***** piety under Trog
  1420 | D        | Reached skill level 10 in Fighting
  1420 | D        | Reached skill level 10 in Unarmed Combat
  1425 | D        | Noticed an unseen horror
  1426 | D        | Noticed an unseen horror
  1458 | D        | Killed an unseen horror
  1459 | D        | Reached XP level 10. HP: 29/51 MP: 11/11
  2002 | D        | Killed a merfolk siren
  2200 | D        | Reached ****** piety under Trog
  2223 | D        | Killed a merfolk siren
  2227 | D        | Identified the +8 halberd "Afujank" {antimagic, Int-4
                  | Dex+8}
  2241 | D        | Found Sekunn's Armour Shoppe.
  2241 | D        | Found Iricuf's Book Shop.
  2241 | D        | Found Doneiwn's General Store.
  2243 | D        | Found Haeda's Weapon Emporium.
  2243 | D        | Found Lilusirch's Weapon Shop.
  2243 | D        | Found Zavuthro's Magic Scroll Shoppe.
  2243 | D        | Found Lanisid's Armour Boutique.
  2243 | D        | Found Nuinn's Distillery.
  2243 | D        | Found Adej Ces's Distillery.
  2243 | D        | Found Akkoyzis's Book Shoppe.
  2245 | D        | Found Orump's Distillery.
  2246 | D        | Found Gadgh's Antique Weapon Emporium.
  2246 | D        | Found Teumase's Weapon Boutique.
  2247 | D        | Found Jivurph's Magic Scroll Emporium.
  2324 | D        | Noticed a shining eye
  2324 | D        | Noticed a shining eye
  2324 | D        | Noticed a shining eye
  2324 | D        | Noticed a shining eye
  2324 | D        | Noticed a shining eye
  2324 | D        | Noticed a shining eye
  2325 | D        | Reached skill level 22 in Stealth
  2327 | D        | Killed a shining eye
  2328 | D        | Killed a shining eye
  2329 | D        | Killed a shining eye
  2330 | D        | Killed a shining eye
  2331 | D        | Noticed a shining eye
  2333 | D        | Killed a shining eye
  2334 | D        | Killed a shining eye
  2335 | D        | Noticed a shining eye
  2337 | D        | Gained mutation: You do not regenerate when monsters are
                  | visible. [a shining eye]
  2338 | D        | Killed a shining eye
  2342 | D        | Gained mutation: You occasionally shout uncontrollably at
                  | your foes. [a shining eye]
  2343 | D        | Gained mutation: You are clumsy. (Dex -2) [a shining eye]
  2345 | D        | Killed a shining eye
  2351 | D        | Found Fivoemut's Weapon Shop.
  2351 | D        | Found Zaoqapt's Armour Shoppe.
  2351 | D        | Found Xocvufi's Magic Scroll Boutique.
  2351 | D        | Found Erobripu's Magic Scroll Emporium.
  2414 | D        | Noticed a smoke demon
  2658 | D        | Reached XP level 11. HP: 4/57 MP: 12/12
  2660 | D        | Reached skill level 15 in Dodging
  3009 | D        | Killed a deep elf master archer
  3069 | D        | Identified the +4 dagger "Tufu Wue" {vorpal, rElec rF+ rN+
                  | Str-4}
  3311 | D        | Noticed a lorocyproca
  3316 | D        | Slain by a lorocyproca
  3317 | D        | Reached XP level 10. HP: -1/53 MP: 0/11
  3318 | D        | Identified the ring "Pufroa" {rPois Str+3 Dex+6}
  3475 | D        | Killed a lorocyproca
  3476 | D        | Reached skill level 23 in Stealth
  3708 | D        | Noticed a lindwurm
  3710 | D        | Killed a lindwurm
  3817 | D        | Noticed a 12-headed hydra
  3819 | D        | Killed a 12-headed hydra
  3820 | D        | Reached XP level 11. HP: 58/58 MP: 12/12
  3832 | D        | Noticed the 27-headed Lernaean hydra
  3833 | D        | Noticed a deep elf annihilator
  3880 | D        | Got out of the dungeon alive.

Illustrated notes

Levels and vault maps discovered:
D:        dungeon_sprint_1 [red_sonja_temple_1, red_sonja_temple_small_1]

Skill      XL: |  1  2  3  4  5  6  7  8  9 10 11 |
---------------+----------------------------------+-----
Stealth        | 8 12 16 19 20 21 23 | 23.7
Fighting       | 6 7 8 10 13 12 | 13.1
Dodging        | 8 9 10 12 16 15 | 16.4
Unarmed Combat | 6 7 8 10 13 12 | 13.1

Action                   |  1- 3 |  4- 6 |  7- 9 | 10-12 || total
-------------------------+-------+-------+-------+-------++-------
Melee: Unarmed           |     4 |    17 |    34 |   134 ||   189
       Bite              |     1 |     1 |     5 |    23 ||    30
       Punch             |       |       |     2 |     7 ||     9
Invok: Berserk           |     1 |     2 |     1 |     4 ||     8
       Trog's Hand       |       |       |     3 |     4 ||     7
       Brothers in Arms  |       |       |       |     7 ||     7
  Use: Potion            |       |     1 |       |       ||     1
       Scroll            |       |       |     1 |       ||     1
 Stab: Sleeping          |     1 |     2 |     5 |    11 ||    19
       Distracted        |       |       |       |     1 ||     1
Armor: Skin              |       |     1 |     2 |     1 ||     4
Dodge: Dodged            |       |    12 |    42 |   101 ||   155
